 Dungeon Crawl Stone Soup version 0.31-a0-198-g2ad674f65e (webtiles) character file.

Game seed: 13427900676827657365

3686 qw the Markself (level 9, -1/52 HPs)
             Began as a Deep Elf Hunter on June 25, 2023.
             Slain by a killer bee (8 damage)
             ... on level 8 of the Dungeon.
             The game lasted 00:03:39 (6866 turns).

qw the Markself (Deep Elf Hunter)                   Turns: 6866, Time: 00:03:39

Health: -1/52      AC:  7    Str: 10    XL:     9   Next: 90%
Magic:  11/11      EV: 15    Int: 13    God:
Gold:   311        SH:  0    Dex: 26    Spells: 8/8 levels left

rFire   . . .        l - +1 orcbow
rCold   + + .        (shield currently unavailable)
rNeg    . . .        o - +0 ring mail {rC+}
rPois   .            j - +0 helmet
rElec   .            (no cloak)
rCorr   .            (no gloves)
SInv    .            d - +0 pair of boots
Will    .....        (no amulet)
Stlth   ++           k - ring of protection from cold
HPRegen 0.28/turn    (no ring)
MPRegen 0.12/turn

%: no passive effects
@: lethally poisoned (-1 -> -8), about to teleport
A: agile 2
a: no special abilities


You were on level 8 of the Dungeon.
You visited 2 branches of the dungeon, and saw 9 of its levels.
You also visited: Ossuary.

You collected 493 gold pieces.
You spent 182 gold pieces at shops.


Innate Abilities, Weirdness & Mutations

You are very agile. (Dex +8, Str/Int -2)


   Skills:
 - Level 4.0 Fighting
 - Level 16.0 Ranged Weapons
 - Level 2.0 Armour
 + Level 7.0 Dodging
 - Level 1.2 Stealth


You had 8 spell levels left.
You didn't know any spells.
Your spell library was empty.

Inventory:

Hand Weapons
 l - a +1 orcbow (weapon)
Armour
 d - a +0 pair of boots (worn)
 j - a +0 helmet (worn)
 o - a +0 ring mail of cold resistance (worn)
Jewellery
 g - a ring of ice
 k - a ring of protection from cold (left hand)
Scrolls
 b - a scroll of teleportation
 c - a scroll of identify
Potions
 a - a potion of mutation
 e - 2 potions of cancellation
 f - a potion of resistance {unknown}
 h - a potion of attraction {unknown}
 i - a potion of haste
 n - a potion of might {unknown}

Dungeon Overview and Level Annotations

Branches:
Dungeon (8/15)             Temple (1/1) D:4         Ossuary (visited)
   Lair: D:8-11

Altars:
Cheibriados
Dithmenos
Elyvilon
Fedhas
Gozag
Hepliaklqana
Kikubaaqudgha
Makhleb
Nemelex Xobeh
Qazlal
Ru
Sif Muna
Trog
Uskayaw
Vehumet
Wu Jian
Xom
Yredelemnul
Zin

Shops:
D:4 !

Annotations:
D:3 1 runed translucent door, Crazy Yiuf


Message History

The killer bee barely misses you. The killer bee completely misses you.
You shoot an arrow. The arrow misses the killer bee.
The killer bee stings you but does no damage.
You shoot an arrow. The arrow hits the killer bee!
The killer bee is heavily wounded.
The killer bee stings you but does no damage.
A killer bee comes into view.
The killer bee stings you.
You shoot an arrow.
The arrow closely misses the killer bee.
The killer bee barely misses you. The killer bee misses you.
You shoot an arrow.
The arrow closely misses the killer bee.
The arrow barely misses the killer bee.
The killer bee stings you!
You are poisoned.
The killer bee poisons you!
You shoot an arrow.
The arrow closely misses the killer bee.
The arrow misses the killer bee.
You feel sick.
A killer bee comes into view.
The killer bee stings you.
You are lethally poisoned!
The killer bee poisons you!
You shoot an arrow.
The arrow completely misses the killer bee.
The arrow hits the killer bee!!
You kill the killer bee!
You feel very sick.
Your Armour skill increases to level 2!
6865 ||| READING 2 scrolls of teleportation.
As you read the scroll of teleportation, it crumbles to dust.
You feel strangely unstable.
You feel sick. The killer bee misses you.
The killer bee stings you but does no damage.
You shoot an arrow. The arrow hits the killer bee.
The killer bee is moderately wounded.
You feel sick. The killer bee stings you!
You die...

#......##......
######...........
.........<.......
.######.###...... .
.....##.###...... ..
#.)).......... #...
####.######......#
.####...######)...#
.............@yy...#
#####.....#####...$#
####### ####


You could see 2 killer bees.

Vanquished Creatures
  Joseph (D:7)
  Prince Ribbit (D:5)
  Sigmund (D:5)
  Eustachio (D:4)
  Grum (D:8)
  An ice beast (D:7)
  A black bear (D:5)
  An orc warrior (D:5)
  4 wolves (D:8)
  A centaur (D:7)
  An ogre (D:4)
  3 elf zombies (Ossuary)
  Blork the orc (D:4)
  3 bullfrogs
  4 scorpions
  A wight (D:8)
  A killer bee (D:8)
  4 howler monkeys (D:7)
  3 centaur zombies (Ossuary)
  7 hounds
  2 jellies
  An orc priest (D:5)
  2 sleepcaps (D:7)
  4 human zombies (Ossuary)
  Jessica (D:2)
  Terence (D:3)
  An iguana (D:6)
  3 orc wizards
  2 hound zombies (Ossuary)
  3 mummies (Ossuary)
  Robin (D:3)
  11 adders
  6 white imps
  2 adder zombies (Ossuary)
  3 worms
  2 dart slugs
  5 orcs
  4 endoplasms
  7 giant cockroaches
  15 goblins
  12 hobgoblins
  9 jackals
  5 kobolds
  3 quokkas
  8 ball pythons
  4 bats
  4 frilled lizards
  4 goblin zombies (Ossuary)
  2 hobgoblin zombies (Ossuary)
  6 jackal zombies (Ossuary)
  2 kobold zombies (Ossuary)
  3 quokka zombies (Ossuary)
  7 rats
  4 rat zombies (Ossuary)
190 creatures vanquished.

Notes
Turn   | Place    | Note
-------+----------+-------------------------------------------
     0 | D:1      | qw the Deep Elf Hunter began the quest for the Orb.
     0 | D:1      | Reached XP level 1. HP: 12/12 MP: 3/3
     0 | D:1      | 0 ||| qw: Version: 0.3-a-22-g0ed2b0b
     0 | D:1      | 0 ||| qw: Game counter: 5370
     0 | D:1      | 0 ||| qw: Melee chars always use a shield: true
     0 | D:1      | 0 ||| qw: God list: Okawaru
     0 | D:1      | 0 ||| qw: Allow faded altars: false
     0 | D:1      | 0 ||| qw: Do Orc after clearing Dungeon:15 true
     0 | D:1      | 0 ||| qw: Do second Lair branch before Depths: true
     0 | D:1      | 0 ||| qw: Lair rune preference: random
     0 | D:1      | 0 ||| qw: Goals: Normal
     0 | D:1      | 0 ||| PLANNING D:1-11
   115 | D:1      | Reached skill level 6 in Ranged Weapons
   115 | D:1      | Reached XP level 2. HP: 16/16 MP: 4/4
   401 | D:1      | Reached XP level 3. HP: 20/20 MP: 5/5
   450 | D:1      | 450 ||| UPGRADING to +0 pair of boots.
   455 | D:1      | 455 ||| READING scroll labelled KYILEA OBREKIA.
   456 | D:1      | 456 ||| DROPPING scroll of butterflies.
   504 | D:2      | Reached skill level 7 in Ranged Weapons
   511 | D:2      | 511 ||| READING scroll of enchant weapon.
   511 | D:2      | 511 ||| ENCHANTING +1 shortbow.
   694 | D:2      | Reached XP level 4. HP: 25/25 MP: 6/6
   722 | D:2      | 722 ||| Stepping ~*~*~tactically~*~*~ (water).
   844 | D:2      | Noticed Jessica
   847 | D:2      | Killed Jessica
   848 | D:2      | Reached skill level 8 in Ranged Weapons
   902 | D:2      | 902 ||| FLEEEEING.
   903 | D:2      | 903 ||| FLEEEEING.
   904 | D:2      | 904 ||| FLEEEEING.
   905 | D:2      | 905 ||| FLEEEEING.
   906 | D:2      | 906 ||| FLEEEEING.
   909 | D:2      | 909 ||| FLEEEEING.
   910 | D:2      | 910 ||| FLEEEEING.
   911 | D:2      | 911 ||| FLEEEEING.
   912 | D:2      | 912 ||| FLEEEEING.
   913 | D:2      | 913 ||| FLEEEEING.
   914 | D:2      | 914 ||| FLEEEEING.
  1382 | D:2      | 1382 ||| UPGRADING to +0 scale mail.
  1392 | D:2      | 1392 ||| DROPPING +0 leather armour.
  1393 | D:2      | 1393 ||| READING scroll labelled WUIDUEMOSMU.
  1437 | D:2      | 1437 ||| READING scroll labelled CONEUD CATU.
  1457 | D:3      | Reached XP level 5. HP: 29/29 MP: 7/7
  1599 | D:3      | Noticed Robin
  1600 | D:3      | 1600 ||| Stepping ~*~*~tactically~*~*~ (outnumbered).
  1620 | D:3      | Killed Robin
  1775 | D:3      | Found a faded altar of an unknown god.
  1780 | D:3      | Found a burning altar of Makhleb.
  1825 | D:3      | Found a runed translucent door.
  1826 | D:3      | Noticed Crazy Yiuf
  1876 | D:3      | Noticed Terence
  1884 | D:3      | Killed Terence
  1885 | D:3      | Reached skill level 9 in Ranged Weapons
  2072 | D:3      | 2072 ||| UPGRADING to +0 helmet.
  2077 | D:3      | 2077 ||| UPGRADING to ring of protection from cold.
  2078 | D:3      | 2078 ||| READING 2 scrolls labelled ASHIUQI DERI.
  2079 | D:3      | 2079 ||| READING 2 scrolls labelled HYAXTA POKA.
  2080 | D:3      | 2080 ||| READING scroll labelled ILUHER CYUW.
  2081 | D:3      | 2081 ||| DRINKING 2 lumpy pink potions.
  2081 | D:3      | Gained mutation: You are agile. (Dex +4, Str/Int -1)
                  | [potion of mutation]
  2081 | D:3      | Gained mutation: You are very agile. (Dex +8, Str/Int -2)
                  | [potion of mutation]
  2082 | D:3      | 2082 ||| DROPPING scroll of revelation.
  2128 | D:4      | 2128 ||| PLANNING OSSUARY
  2129 | D:4      | Found a blossoming altar of Fedhas.
  2191 | D:4      | Found Diqigas's Distillery.
  2199 | D:4      | 2199 ||| BUYING potion of cancellation (104 gold).
  2199 | D:4      | Bought a potion of cancellation for 104 gold pieces
  2199 | D:4      | 2199 ||| BUYING potion of curing (39 gold).
  2199 | D:4      | Bought a potion of curing for 39 gold pieces
  2199 | D:4      | 2199 ||| BUYING potion of curing (39 gold).
  2199 | D:4      | Bought a potion of curing for 39 gold pieces
  2199 | D:4      | 2199 ||| SHOPLISTING potion of heal wounds (65 gold, have
                  | 8).
  2199 | D:4      | 2199 ||| SHOPLISTING potion of might (52 gold, have 8).
  2307 | D:4      | Found a sacrificial altar of Ru.
  2314 | D:4      | Reached skill level 1 in Armour
  2354 | D:4      | Reached XP level 6. HP: 36/36 MP: 8/8
  2578 | D:4      | Noticed Blork the orc
  2586 | D:4      | Killed Blork the orc
  2620 | D:4      | Reached skill level 10 in Ranged Weapons
  2623 | D:4      | Found a staircase to the Ecumenical Temple.
  2684 | D:4      | Found a sand-covered staircase.
  2685 | D:4      | 2685 ||| UPGRADING to +0 ring mail.
  2695 | D:4      | 2695 ||| DROPPING +0 scale mail.
  2696 | D:4      | 2696 ||| READING scroll labelled TOUMYH MYIKLUE.
  2697 | D:4      | 2697 ||| READING 2 scrolls of identify.
  2697 | D:4      | 2697 ||| IDENTIFYING grey potion
  2698 | D:4      | 2698 ||| DROPPING potion of lignification.
  2702 | Ossuary  | Entered an ossuary
  2718 | Ossuary  | Reached skill level 3 in Dodging
  2767 | Ossuary  | Reached XP level 7. HP: 29/40 MP: 9/9
  2984 | Ossuary  | Reached skill level 11 in Ranged Weapons
  2995 | Ossuary  | 2995 ||| FLEEEEING.
  3160 | Ossuary  | 3160 ||| READING scroll labelled WYLEHI JUARENK.
  3161 | Ossuary  | 3161 ||| READING scroll labelled ECZYJY KIDUF.
  3162 | Ossuary  | 3162 ||| READING 2 scrolls of identify.
  3162 | Ossuary  | 3162 ||| IDENTIFYING fuming red potion
  3163 | Ossuary  | 3163 ||| DROPPING potion of ambrosia.
  3174 | D:4      | 3174 ||| PLANNING TEMPLE
  3187 | Temple   | Entered the Ecumenical Temple
  3272 | Temple   | 3272 ||| PLANNING D:1-11
  3307 | D:4      | 3307 ||| STAIRDANCE
  3535 | D:4      | 3535 ||| STAIRDANCE
  3570 | D:5      | Entered Level 5 of the Dungeon
  3570 | D:5      | Noticed Eustachio
  3580 | D:5      | 3580 ||| STAIRDANCE
  3585 | D:4      | Killed Eustachio
  3586 | D:4      | Reached skill level 12 in Ranged Weapons
  3586 | D:4      | Reached XP level 8. HP: 27/45 MP: 10/10
  3661 | D:5      | 3661 ||| STAIRDANCE
  3793 | D:5      | Reached skill level 3 in Fighting
  3934 | D:5      | Noticed Prince Ribbit
  3941 | D:5      | Killed Prince Ribbit
  3942 | D:5      | Reached skill level 6 in Dodging
  3951 | D:5      | Noticed Sigmund
  3956 | D:5      | Killed Sigmund
  3962 | D:5      | Reached skill level 13 in Ranged Weapons
  4101 | D:5      | 4101 ||| DRINKING 3 potions of curing.
  4101 | D:5      | 4101 ||| (to cure confusion)
  4102 | D:5      | 4102 ||| DRINKING 2 potions of curing.
  4102 | D:5      | 4102 ||| (to cure confusion)
  4300 | D:5      | Reached XP level 9. HP: 41/50 MP: 5/11
  4470 | D:5      | 4470 ||| UPGRADING to +0 ring mail of cold resistance.
  4480 | D:5      | 4480 ||| DROPPING +0 ring mail.
  4481 | D:5      | 4481 ||| READING 2 scrolls labelled BOD UCWETE.
  4484 | D:5      | 4484 ||| READING scroll labelled ELAOCA ZEYXT.
  4509 | D:6      | 4509 ||| STAIRDANCE
  4513 | D:5      | Reached skill level 14 in Ranged Weapons
  4847 | D:6      | Found a stormy altar of Qazlal.
  5093 | D:6      | Found a bloodstained altar of Trog.
  5335 | D:6      | Found a basalt altar of Yredelemnul.
  5410 | D:6      | Found a glowing silver altar of Zin.
  5517 | D:6      | 5517 ||| READING 4 scrolls labelled WUCIS MAAGI.
  5518 | D:6      | 5518 ||| DRINKING 2 green potions.
  5519 | D:6      | 5519 ||| READING 2 scrolls of identify.
  5519 | D:6      | 5519 ||| IDENTIFYING murky ruby potion
  5520 | D:6      | 5520 ||| DROPPING 3 scrolls of poison.
  5521 | D:6      | 5521 ||| DROPPING potion of degeneration.
  5523 | D:6      | 5523 ||| Stepping ~*~*~tactically~*~*~ (cloud).
  5651 | D:7      | 5651 ||| FLEEEEING.
  5688 | D:7      | 5688 ||| SWAPPING to +0 orcbow.
  5689 | D:7      | 5689 ||| DROPPING +2 shortbow.
  6035 | D:6      | 6035 ||| Stepping randomly (stuck).
  6089 | D:7      | Noticed Joseph
  6090 | D:7      | 6090 ||| DRINKING potion of curing.
  6090 | D:7      | 6090 ||| (to cure confusion)
  6093 | D:7      | 6093 ||| FLEEEEING.
  6099 | D:7      | 6099 ||| FLEEEEING.
  6100 | D:7      | 6100 ||| FLEEEEING.
  6101 | D:7      | 6101 ||| FLEEEEING.
  6103 | D:7      | 6103 ||| FLEEEEING.
  6104 | D:7      | 6104 ||| FLEEEEING.
  6108 | D:7      | 6108 ||| STAIRDANCE
  6110 | D:7      | 6110 ||| STAIRDANCE
  6112 | D:7      | 6112 ||| STAIRDANCE
  6114 | D:7      | 6114 ||| STAIRDANCE
  6232 | D:7      | Killed Joseph
  6361 | D:7      | Reached skill level 15 in Ranged Weapons
  6387 | D:7      | 6387 ||| READING scroll of enchant weapon.
  6387 | D:7      | 6387 ||| ENCHANTING +0 orcbow.
  6434 | D:7      | Identified the +9 mace of the Candle {venom, Fly Dex+2}
  6804 | D:8      | Noticed Grum
  6825 | D:8      | Reached skill level 16 in Ranged Weapons
  6833 | D:8      | Killed Grum
  6864 | D:8      | HP: 11/52 [poisoned by a killer bee]
  6865 | D:8      | 6865 ||| READING 2 scrolls of teleportation.
  6866 | D:8      | Slain by a killer bee

Levels and vault maps discovered:
D:1:      lemuel_arrival_broad_hall, layout_rooms, minmay_statues_item
D:2:      minmay_evil_eye, layout_basic, serial_rivers,
          chequers_serial_rivers_micro_b, chequers_serial_rivers_small_b,
          chequers_serial_rivers_small_a, chequers_serial_rivers_room_b,
          chequers_serial_rivers_small_3, chequers_serial_rivers_micro_c,
          hangedman_decor_growths, hangedman_feature_mirror,
          minmay_pentomino_t4, uniq_jessica
D:3:      layout_basic, nicolae_overflow_ecumenical_swirl,
          minmay_misc_feat_square, uniq_robin, uniq_crazy_yiuf_cottage,
          uniq_terence
D:4:      layout_cave_pods, fedhas_ov_isle_minmay,
          nicolae_ru_great_annihilating_truth,
          minmay_temple_entry_drinking_statues, serial_shops, shop,
          nicolae_ossuary_entry_plus, uniq_blork_the_orc
D:5:      layout_gridville, uniq_sigmund, uniq_prince_ribbit1, uniq_eustachio
D:6:      layout_basic, mainiacjoe_overflow_boulevard,
          nicolae_overflow_hidden_temple, kennysheep_little_box, zin_treasury
D:7:      layout_loops_ring, chequers_serial_rivers_marsh, uniq_joseph
D:8:      layout_rooms, mainiacjoe_overflow_brackets, serial_shops,
          nicolae_shop_crystal, shop_scrolls, shop, nicolae_take_the_stairs,
          enter_bailey_4, uniq_grum
Temple:   nicolae_temple_godzebo

Skill      XL: |  1  2  3  4  5  6  7  8  9 |
---------------+----------------------------+-----
Ranged Weapons | 6 7 8 9 10 12 13 16 | 16.0
Armour         | 1 2 |  2.0
Fighting       | 2 3 4 |  4.0
Dodging        | 4 6 7 |  7.0
Stealth        | |  1.2

Action                     |  1- 3 |  4- 6 |  7- 9 || total
---------------------------+-------+-------+-------++-------
   Fire: Shortbow          |   129 |   183 |   301 ||   613
         Orcbow            |       |       |    93 ||    93
    Use: Scroll            |     2 |     7 |     9 ||    18
         Potion            |       |     1 |     4 ||     5
 Armour: Leather armour    |    15 |       |       ||    15
         Scale mail        |       |    23 |       ||    23
         Ring mail         |       |    11 |    68 ||    79
  Dodge: Dodged            |    29 |    42 |   134 ||   205

Table legend:
 A = Non-vault XP
 B = Vault XP
 C = Vault XP percentage of total XP
 D = Non-vault monster count
 E = Vault monster count
 F = Vault count percentage of total count
                 A         B        C        D         E       F
            +---------+---------+-------+---------+---------+-------
      Total |    2502 |    2764 |  52.5 |     120 |      70 |  36.8
            +---------+---------+-------+---------+---------+-------
        D:1 |      47 |       0 |   0.0 |      29 |       0 |   0.0
        D:2 |      86 |      57 |  39.9 |      19 |       6 |  24.0
        D:3 |      20 |      72 |  78.3 |      11 |      12 |  52.2
        D:4 |     325 |     326 |  50.1 |      13 |       6 |  31.6
        D:5 |     787 |     491 |  38.4 |      22 |       2 |   8.3
        D:6 |     308 |       0 |   0.0 |       9 |       0 |   0.0
        D:7 |     790 |     439 |  35.7 |      15 |       1 |   6.2
        D:8 |     139 |     657 |  82.5 |       2 |       5 |  71.4
    Ossuary |       0 |     722 | 100.0 |       0 |      38 | 100.0
            +---------+---------+-------+---------+---------+-------
